[Event "Titled Tuesday Blitz May 30 Late 2023"]
[White "Omariev, Maksim"]
[Black "Rodriguez Santiago, Jaime"]
[WhiteFideId "4193423"]
[BlackFideId "3100898"]
[WhiteElo "2467"]
[BlackElo "2025"]
[Result "1/2-1/2"]
[Round "11"]
[TimeControl "180+2"]
[Date "2023.05.31"]
[WhiteClock "0:00:03"]
[BlackClock "0:00:20"]

1. g4 d5 2. Bg2 e5 3. d4 e4 4. g5 Be7 5. h4 h6 6. Qd2 Nc6 7. f4 hxg5 8. hxg5 Rxh1 9. Bxh1 Be6 10. e3 Qd7 11. Nc3 O-O-O 12. Qh2 Bb4 13. Bd2 Nge7 14. O-O-O Nf5 15. Nge2 Kb8 16. Bg2 Bd6 17. Bh3 Nce7 18. Rh1 Rh8 19. Qg1 a6 20. Bxf5 Rxh1 21. Qxh1 Nxf5 22. Nd1 c5 23. Bc3 cxd4 24. Nxd4 g6 25. Nxf5 Bxf5 26. Qh8+ Kc7 27. Bd4 b5 28. Nc3 Be6 29. Qa8 Qc6 30. Qa7+ Qb7 31. Qxb7+ Kxb7 32. a4 b4 33. Ne2 a5 34. Kd2 Ka6 35. b3 Bg4 36. Nc1 Kb7 37. Na2 Kc6 38. c3 Bc8 39. cxb4 axb4 40. Nc1 Ba6 41. Ne2 Bd3 42. Ba7 Bf8 43. Bd4 Bd6 44. Bf6 Bc5 45. Nc1 Ba6 46. Be5 Kd7 47. Ne2 Ke6 48. Bd4 Bd6 49. Ng3 Kd7 50. Bf6 Kc6 51. Bd4 Bd3 52. Ne2 Kd7 53. Ng3 Ke7 54. Bf6+ Kd7 55. Bd4 Kc6 56. Ne2 Bc7 57. Nc1 Ba6 58. Ne2 Bd6 59. Ng3 Kd7 60. Nh1 Ke6 61. Ng3 Kd7 1/2-1/2


[Site "https://www.chess.com"]

[Event "Titled Tuesday Blitz May 30 Late 2023"]
[White "Womacka, Mathias"]
[Black "Ardila, Oscar Humberto"]
[WhiteFideId "4611390"]
[BlackFideId "4404742"]
[WhiteElo "2377"]
[BlackElo "1918"]
[Result "0-1"]
[Round "11"]
[TimeControl "180+2"]
[Date "2023.05.31"]
[WhiteClock "0:01:33"]
[BlackClock "0:01:50"]

1. e4 e5 2. Nf3 Nf6 3. Nxe5 d6 4. Nf3 Nxe4 5. d4 Be7 6. Bd3 d5 7. O-O Nc6 8. Re1 Bf5 9. Nc3 Nxc3 10. bxc3 Bxd3 11. cxd3 O-O 12. Rb1 b6 13. Bf4 Bf6 14. Ne5 Bxe5 15. dxe5 Re8 16. Qg4 Qc8 17. Qh5 Qe6 18. Re3 Qg6 19. Qe2 Re6 20. d4 Qxb1+ 0-1


[Site "https://www.chess.com"]

[Event "Titled Tuesday Blitz May 30 Late 2023"]
[White "Buchenau, Frank"]
[Black "Vaglio Munoz, Jaime"]
[WhiteFideId "4604350"]
[BlackFideId "6500145"]
[WhiteElo "2157"]
[BlackElo "2199"]
[Result "1-0"]
[Round "11"]
[TimeControl "180+2"]
[Date "2023.05.31"]
[WhiteClock "0:00:15"]
[BlackClock "0:00:06"]

1. e4 c5 2. Nf3 Qa5 3. c3 Nc6 4. Na3 a6 5. Nc4 Qc7 6. d4 b5 7. Ne3 d6 8. a4 b4 9. d5 Nb8 10. cxb4 cxb4 11. a5 Nd7 12. Qa4 g6 13. Bd2 Bg7 14. Rc1 Qa7 15. Nc4 Kf8 16. Bxb4 Ngf6 17. Qc2 Bh6 18. Bd2 Bxd2+ 19. Ncxd2 Kg7 20. Be2 Nc5 21. b4 Ncd7 22. O-O Bb7 23. Qb2 Rhc8 24. Rxc8 Rxc8 25. Rc1 Qa8 26. Rc3 h5 27. Qc2 Rxc3 28. Qxc3 Qb8 29. Nd4 e6 30. dxe6 Ne5 31. exf7 Kxf7 32. Qb3+ Kg7 33. Ne6+ Kh6 34. f4 Neg4 35. Bxg4 hxg4 36. Qe3 d5 37. f5+ Kh7 38. Qg5 Qg8 39. fxg6+ Qxg6 40. Nf8+ Kg7 41. Qxg6+ Kxf8 42. Qxf6+ Ke8 43. e5 d4 44. e6 Bc6 45. Qf7+ Kd8 46. e7+ Kc8 47. e8=Q+ Bxe8 48. Qxe8+ Kc7 49. Qe5+ Kc6 50. Qxd4 g3 51. hxg3 Kb7 52. Qc4 1-0


[Site "https://www.chess.com"]

[Event "Titled Tuesday Blitz May 30 Late 2023"]
[White "Wizard_of_Odds"]
[Black "Sarkar, Justin"]
[BlackFideId "2010011"]
[WhiteElo "2415"]
[BlackElo "2168"]
[Result "0-1"]
[Round "11"]
[TimeControl "180+2"]
[Date "2023.05.31"]
[WhiteClock "0:00:06"]
[BlackClock "0:00:02"]

1. e4 e5 2. Nf3 Nc6 3. Bc4 d6 4. Nc3 Bg4 5. h3 Bxf3 6. Qxf3 Nf6 7. d3 Nd4 8. Qd1 c6 9. O-O b5 10. Bb3 a5 11. a4 b4 12. Ne2 Nxb3 13. cxb3 Be7 14. Qc2 c5 15. f4 exf4 16. Nxf4 O-O 17. Be3 Rc8 18. Rae1 Re8 19. Qc4 Bf8 20. Nh5 Re6 21. Bg5 Be7 22. Nf4 Re5 23. Bh4 g5 24. Nd5 Nxd5 25. exd5 gxh4 26. Rxe5 dxe5 27. d6 Bxd6 28. Qxf7+ Kh8 29. Qe6 Rc7 30. Rf6 Bf8 31. Qxe5 Bg7 32. Rd6 Bxe5 33. Rxd8+ Kg7 34. Ra8 Bxb2 35. Kf2 Rd7 36. Ke2 Re7+ 37. Kf3 Bd4 38. Rxa5 Re3+ 39. Kg4 Rxd3 40. Ra7+ Kf6 41. Ra6+ Ke5 42. Rh6 Rxb3 43. Kxh4 Ra3 44. Rxh7 b3 45. Rb7 b2 46. Kg4 Rxa4 47. h4 Rb4 48. Re7+ Kd6 49. Re1 b1=Q 50. Re6+ Kxe6 51. h5 Qf5+ 52. Kh4 Bf2# 0-1


[Site "https://www.chess.com"]

[Event "Titled Tuesday Blitz May 30 Late 2023"]
[White "Pein, Jonathan"]
[Black "Kovacevic, Radmila"]
[WhiteFideId "417092"]
[BlackFideId "933171"]
[WhiteElo "2151"]
[BlackElo "2194"]
[Result "1-0"]
[Round "11"]
[TimeControl "180+2"]
[Date "2023.05.31"]
[WhiteClock "0:01:19"]
[BlackClock "0:00:26"]

1. e4 e5 2. Nf3 f5 3. d4 fxe4 4. Nxe5 Nf6 5. Nc3 d6 6. Nc4 Be7 7. d5 O-O 8. Be2 Bf5 9. Be3 Nbd7 10. Qd2 Ne5 11. Nxe5 dxe5 12. O-O-O a6 13. h3 b5 14. g4 Bg6 15. Kb1 Nd7 16. h4 Bxh4 17. Rxh4 Qxh4 18. Bg5 Qxf2 19. d6 b4 20. Nd5 Qd4 21. Ne7+ Kf7 22. Qe1 Qc5 23. dxc7 Qxc7 24. Qxb4 Rab8 25. Bc4+ Ke8 26. Nf5 Bxf5 27. Qe7# 1-0


[Site "https://www.chess.com"]

[Event "Titled Tuesday Blitz May 30 Late 2023"]
[White "Petrovic, Aleksa"]
[Black "Cardozo Munar, Carlos Eduardo"]
[WhiteFideId "967629"]
[BlackFideId "4409477"]
[WhiteElo "2309"]
[BlackElo "2067"]
[Result "1-0"]
[Round "11"]
[TimeControl "180+2"]
[Date "2023.05.31"]
[WhiteClock "0:01:41"]
[BlackClock "0:01:01"]

1. e4 e6 2. d4 d5 3. Nd2 c5 4. exd5 Qxd5 5. Ngf3 cxd4 6. Bc4 Qd7 7. O-O Nc6 8. Nb3 Nf6 9. Nbxd4 Nxd4 10. Nxd4 a6 11. c3 Bd6 12. Bg5 Bxh2+ 13. Kxh2 Qc7+ 14. Kg1 Qxc4 15. Bxf6 gxf6 16. Qf3 f5 17. Rfe1 Kf8 18. Qf4 h5 19. Rad1 Qc5 20. Re5 Qe7 21. Nxf5 Qf6 22. Qb4+ Kg8 23. Ne7+ Kg7 24. Qd4 Bd7 25. Rg5+ Kf8 26. Qxf6 1-0


[Site "https://www.chess.com"]

[Event "Titled Tuesday Blitz May 30 Late 2023"]
[White "Mickiewicz, Piotr"]
[Black "Mendez Machado, Andre"]
[WhiteFideId "1114891"]
[BlackFideId "6603793"]
[WhiteElo "2246"]
[BlackElo "1984"]
[Result "1-0"]
[Round "11"]
[TimeControl "180+2"]
[Date "2023.05.31"]
[WhiteClock "0:00:08"]
[BlackClock "0:00:01"]

1. Nf3 Nf6 2. g3 e6 3. Bg2 d5 4. O-O Be7 5. c4 O-O 6. b3 d4 7. e3 c5 8. exd4 cxd4 9. d3 Nc6 10. a3 a5 11. Bg5 Nd7 12. Bxe7 Qxe7 13. Re1 e5 14. Nbd2 f5 15. Qc2 Qd6 16. Ng5 e4 17. dxe4 d3 18. Qc3 Nde5 19. f4 Qc5+ 20. Kh1 Ng4 21. Nh3 Be6 22. exf5 Bxf5 23. Ne4 Bxe4 24. Bxe4 Rae8 25. Bd5+ Kh8 26. Qxd3 Qf2 27. Nxf2 Nxf2+ 28. Kg2 Nxd3 29. Red1 Nc5 30. Rab1 Re2+ 31. Kg1 Re3 32. b4 axb4 33. axb4 Na4 34. Ra1 Nc3 35. Rd2 Nxb4 36. Bxb7 h6 37. c5 Rf7 38. c6 Rc7 39. Ra8+ Kh7 40. Rd7 Re7 41. Rxe7 Rxe7 42. Rd8 Ncd5 43. Rd7 Re8 44. c7 Nxc7 45. Rxc7 Re1+ 46. Kf2 Rh1 47. Be4+ Kh8 48. Bxh1 1-0


[Site "https://www.chess.com"]

[Event "Titled Tuesday Blitz May 30 Late 2023"]
[White "Sadilek, Peter"]
[Black "Sailer, Mike"]
[WhiteFideId "1616439"]
[BlackFideId "2012901"]
[WhiteElo "2227"]
[BlackElo "2109"]
[Result "1/2-1/2"]
[Round "11"]
[TimeControl "180+2"]
[Date "2023.05.31"]
[WhiteClock "0:00:08"]
[BlackClock "0:00:05"]

1. g3 d5 2. Bg2 Nf6 3. c4 c6 4. Nf3 Bf5 5. O-O e6 6. d3 Be7 7. Qb3 Qb6 8. Be3 Qa6 9. cxd5 exd5 10. Nc3 Nbd7 11. Bd4 O-O 12. Rfe1 Nc5 13. Qd1 Rfe8 14. b4 Ne6 15. b5 cxb5 16. Rb1 b4 17. Bxf6 bxc3 18. Bxc3 Rac8 19. Qb3 b6 20. Nd4 Nxd4 21. Bxd4 Be6 22. Qb2 Ba3 23. Qb5 Qxb5 24. Rxb5 Rc2 25. Bxd5 Bxd5 26. Rxd5 Rxa2 27. e4 f6 28. Rd7 Bb4 29. Rb1 Bf8 30. h4 Rc8 31. Rb2 Rxb2 32. Bxb2 a5 33. Rb7 Bc5 34. d4 Bb4 35. d5 Rc2 36. Bd4 Bc5 37. Bxc5 bxc5 38. Rb5 a4 39. Ra5 Rc4 40. d6 Kf7 41. f4 Ke6 42. e5 fxe5 43. fxe5 Kxe5 44. d7 Rd4 45. Rxc5+ Ke6 46. Ra5 Kxd7 47. Ra7+ Ke6 48. Rxg7 h5 49. Rg5 Rd5 50. Rg6+ Kf7 51. Ra6 Rd4 52. Kf1 Rb4 53. Kf2 Kg7 54. Kf3 Rc4 55. Ke3 Rb4 56. Ra5 Rg4 57. Kf3 Kg6 58. Rb5 Kh6 59. Rc5 Rb4 60. Rc6+ Kh7 61. Ra6 Rg4 62. Ra5 Kh6 63. Rb5 Kg6 64. Rc5 Kh6 65. Re5 Kg6 66. Rd5 Kh6 67. Ra5 Kg6 68. Rb5 Kh6 69. Rc5 Kg6 70. Rd5 Kh6 71. Kf2 Rb4 72. Rd6+ Kg7 73. Ke3 Rb3+ 74. Kf4 a3 75. Ra6 Kh7 76. Kg5 Rxg3+ 77. Kxh5 Kg7 78. Ra7+ Kf6 79. Kh6 Kf5 80. h5 Ke5 81. Kh7 Kd5 82. h6 Kc4 83. Kh8 Kb3 84. h7 a2 85. Rb7+ Kc2 86. Rc7+ Kb2 87. Rb7+ Kc1 88. Ra7 Kb1 89. Rb7+ Kc1 90. Ra7 Kb1 91. Rb7+ Kc1 1/2-1/2


[Site "https://www.chess.com"]

[Event "Titled Tuesday Blitz May 30 Late 2023"]
[White "Przybylski, Wojciech"]
[Black "mohsengabr2002"]
[WhiteFideId "1117599"]
[WhiteElo "2222"]
[BlackElo "2236"]
[Result "1-0"]
[Round "11"]
[TimeControl "180+2"]
[Date "2023.05.31"]
[WhiteClock "0:01:27"]
[BlackClock "0:02:37"]

1. e4 f6 2. d4 g6 3. Nf3 e6 4. h4 Nh6 5. e5 Nf7 6. Bd3 Bg7 7. h5 g5 8. h6 Bxh6 9. Nc3 Bg7 10. Nh2 h6 11. Bg6 O-O 12. Ng4 f5 13. Bxf7+ Rxf7 14. Nxh6+ Bxh6 15. Rxh6 Kg7 16. Qh5 1-0


[Site "https://www.chess.com"]

[Event "Titled Tuesday Blitz May 30 Late 2023"]
[White "Brown, Raehanna"]
[Black "Torres Hernandez, Leslie Carolin"]
[WhiteFideId "7402740"]
[BlackFideId "8400504"]
[WhiteElo "1655"]
[BlackElo "1920"]
[Result "1-0"]
[Round "11"]
[TimeControl "180+2"]
[Date "2023.05.31"]
[WhiteClock "0:00:18"]
[BlackClock "0:00:07"]

1. c4 e5 2. Nc3 Nf6 3. Nf3 Nc6 4. g3 Bc5 5. Bg2 O-O 6. O-O a6 7. d3 d6 8. h3 h6 9. Kh2 Be6 10. e3 Qd7 11. d4 exd4 12. exd4 Bxc4 13. dxc5 Bxf1 14. Qxf1 dxc5 15. Be3 b6 16. Rd1 Qe6 17. Nd2 Rad8 18. Qxa6 Nd4 19. Nde4 Nc2 20. Rxd8 Rxd8 21. Nxf6+ Qxf6 22. Bf4 Nb4 23. Qb7 Nd3 24. Ne4 Qxb2 25. Qxc7 Qd4 26. Nd6 Rf8 27. Be3 Qe5 28. Qxb6 h5 29. Nc4 Qc3 30. Qb3 Qxb3 31. axb3 Rb8 32. Nd2 Rb4 33. Bd5 Kf8 34. Bc4 Rb8 35. Bxd3 Rd8 36. Bc4 f6 37. Bxc5+ Ke8 38. Ne4 f5 39. Nd6+ Kd7 40. Nxf5 g6 41. Ne7 Ra8 42. Nxg6 Ra2 43. Nf4 Rc2 44. Nxh5 Kc6 45. Be3 Kd7 46. Nf4 Ke7 47. h4 Kf6 48. h5 Kg5 49. Kg2 Kh6 50. Kf3 Rb2 51. Nd3+ Kxh5 52. Nxb2 1-0


[Site "https://www.chess.com"]

[Event "Titled Tuesday Blitz May 30 Late 2023"]
[White "Fuentes Godoy, Lilia Ivonne"]
[Black "Prieto Aranguren, Alain"]
[WhiteFideId "5104130"]
[BlackFideId "2268906"]
[WhiteElo "2096"]
[BlackElo "2209"]
[Result "0-1"]
[Round "11"]
[TimeControl "180+2"]
[Date "2023.05.31"]
[WhiteClock "0:00:03"]
[BlackClock "0:01:03"]

1. g3 h5 2. h4 Nh6 3. d4 Ng4 4. c4 c5 5. d5 e6 6. Nf3 exd5 7. cxd5 d6 8. Nc3 Be7 9. e4 Bf6 10. Bg5 a6 11. Qd2 Nd7 12. Bd3 Nde5 13. Be2 b5 14. Nxe5 Nxe5 15. f4 Ng4 16. Bxg4 Bxg4 17. e5 Bxg5 18. hxg5 dxe5 19. fxe5 O-O 20. Ne4 Re8 21. O-O Rxe5 22. Rae1 Qxd5 23. Qf4 Rae8 24. Rd1 Qxe4 25. Qxf7+ Kh8 26. Rd7 Bxd7 0-1


[Site "https://www.chess.com"]

[Event "Titled Tuesday Blitz May 30 Late 2023"]
[White "Stachanczyk, Jacek"]
[Black "campochess"]
[WhiteFideId "1116657"]
[WhiteElo "2084"]
[BlackElo "2126"]
[Result "0-1"]
[Round "11"]
[TimeControl "180+2"]
[Date "2023.05.31"]
[WhiteClock "0:00:28"]
[BlackClock "0:00:14"]

1. e4 c5 2. Nf3 Nc6 3. d4 cxd4 4. Nxd4 e5 5. Nb5 a6 6. N5c3 Bc5 7. Nd5 h6 8. Nbc3 Nf6 9. Bd3 d6 10. O-O O-O 11. Qf3 Nxd5 12. Nxd5 Nd4 13. Qg3 Kh8 14. c3 Ne6 15. a4 Bd7 16. Bd2 Bc6 17. Bc4 Rc8 18. Kh1 b5 19. axb5 axb5 20. Bb3 Ng5 21. Bxg5 Qxg5 22. Qxg5 hxg5 23. Ne7 Rc7 24. Nxc6 Rxc6 25. Bd5 Rc7 26. Ra6 b4 27. c4 b3 28. g3 f5 29. exf5 Rxf5 30. Ra8+ Kh7 31. Be4 g6 32. Bxf5 gxf5 33. Kg2 Bd4 34. Rfa1 Rxc4 35. Rb8 Rc2 36. Rxb3 Rxf2+ 37. Kh1 f4 38. Ra6 Bc5 39. Rc3 e4 40. Rxc5 dxc5 41. gxf4 gxf4 42. Rc6 Rxb2 43. Rxc5 Re2 44. h3 Kg6 45. h4 f3 46. Kg1 e3 47. Re5 Kf6 48. Re8 Kf5 49. h5 Re1+ 50. Kh2 Kg5 51. Kg3 f2 52. Rg8+ Kxh5 53. Rf8 Rg1+ 0-1


[Site "https://www.chess.com"]

[Event "Titled Tuesday Blitz May 30 Late 2023"]
[White "Oliveira, Tiago Batista"]
[Black "Campos, Maria Jose"]
[WhiteFideId "2108291"]
[BlackFideId "146803"]
[WhiteElo "1962"]
[BlackElo "2170"]
[Result "0-1"]
[Round "11"]
[TimeControl "180+2"]
[Date "2023.05.31"]
[WhiteClock "0:00:01"]
[BlackClock "0:00:55"]

1. d4 Nf6 2. c4 e6 3. Nf3 Bb4+ 4. Bd2 c5 5. g3 O-O 6. Bg2 d6 7. Bxb4 cxb4 8. O-O Re8 9. Qd2 a5 10. Rd1 Qc7 11. Qd3 b6 12. Nbd2 Bb7 13. e4 e5 14. d5 Nbd7 15. Nh4 Nc5 16. Qf3 Bc8 17. Nf5 Bxf5 18. Qxf5 Qd7 19. Qg5 h6 20. Qh4 b5 21. Bh3 Qb7 22. Bf5 a4 23. g4 Qa6 24. g5 hxg5 25. Qxg5 Nh7 26. Bxh7+ Kxh7 27. Kh1 bxc4 28. Rg1 g6 29. Qf6 Rg8 30. Rg4 Rg7 31. Nf3 Qa7 32. Nh4 Nd7 33. Qf3 Kg8 34. Rag1 Nf8 35. Qh3 Qxf2 36. R4g2 Qf4 37. Nf5 Rh7 38. Ne7+ Kh8 39. Qg3 Qxe4 40. Nc6 b3 41. a3 Re8 42. Nb4 Qf4 0-1


[Site "https://www.chess.com"]

[Event "Titled Tuesday Blitz May 30 Late 2023"]
[White "Alexikov, Alexander"]
[Black "lluiss"]
[WhiteFideId "14103958"]
[WhiteElo "2186"]
[BlackElo "2300"]
[Result "1-0"]
[Round "11"]
[TimeControl "180+2"]
[Date "2023.05.31"]
[WhiteClock "0:00:56"]
[BlackClock "0:00:24"]

1. e4 c5 2. Nf3 d6 3. d4 cxd4 4. Nxd4 Nf6 5. Nc3 g6 6. Bc4 Bg7 7. f3 O-O 8. Be3 Nc6 9. Qd2 Bd7 10. O-O-O Ne5 11. Bb3 Qa5 12. f4 Neg4 13. Bg1 Rfc8 14. h3 Nh6 15. Qd3 e5 16. fxe5 dxe5 17. Nf3 Bc6 18. g4 Rd8 19. Qe2 Rxd1+ 20. Kxd1 Rd8+ 21. Kc1 Nd7 22. g5 Nc5 23. Bxc5 Qxc5 24. gxh6 Bxh6+ 25. Kb1 b5 26. a3 a5 27. Rd1 Rxd1+ 28. Nxd1 b4 29. axb4 axb4 30. Nf2 Bf4 31. Qc4 Qxc4 32. Bxc4 Be3 33. Ng4 Bxe4 34. Nfxe5 1-0


[Site "https://www.chess.com"]

[Event "Titled Tuesday Blitz May 30 Late 2023"]
[White "Bashkansky, Ethan"]
[Black "Torres Dominguez, David"]
[WhiteFideId "2071533"]
[BlackFideId "2220857"]
[WhiteElo "2315"]
[BlackElo "1999"]
[Result "1/2-1/2"]
[Round "11"]
[TimeControl "180+2"]
[Date "2023.05.31"]
[WhiteClock "0:00:10"]
[BlackClock "0:00:10"]

1. d4 e5 2. dxe5 d6 3. Nf3 Bg4 4. Nbd2 Nc6 5. exd6 Bxd6 6. h3 Bh5 7. g4 Bg6 8. Bg2 Qe7 9. O-O O-O-O 10. c3 h5 11. g5 Ne5 12. Qb3 c6 13. Nxe5 Bxe5 14. Nf3 Bc7 15. Be3 f6 16. Qa3 Qxa3 17. bxa3 a6 18. Rad1 Ne7 19. Nd4 Nf5 20. Nxf5 Rxd1 21. Rxd1 Bxf5 22. h4 Re8 23. gxf6 gxf6 24. Bf3 Rg8+ 25. Kh1 Bg4 26. Rg1 Bxf3+ 27. exf3 Rxg1+ 28. Kxg1 Kd7 29. Kf1 Ke6 30. Ke2 Bd8 31. a4 f5 32. Bg5 Bxg5 33. hxg5 f4 34. a5 Kf5 35. Kf1 Kxg5 36. Kg2 c5 37. Kh2 Kh4 38. Kg2 Kg5 39. Kh2 c4 40. Kh3 h4 41. Kh2 Kh5 42. Kh3 Kg5 43. Kh2 Kg6 44. Kh3 Kh5 45. Kh2 Kg5 46. Kh3 Kh5 47. Kh2 Kg5 48. Kg2 Kh5 49. Kh1 Kg5 50. Kg2 Kh5 51. Kg1 Kg5 52. Kh1 Kh5 53. Kg1 h3 54. Kh2 Kh6 55. Kxh3 Kg5 56. Kg2 Kh4 57. Kh2 Kh5 58. Kh3 Kg5 59. Kg2 Kh4 60. Kg1 Kh3 61. Kh1 Kh4 62. Kh2 Kh5 63. Kh1 Kh4 64. Kg1 Kh3 65. Kh1 Kh4 1/2-1/2


[Site "https://www.chess.com"]

[Event "Titled Tuesday Blitz May 30 Late 2023"]
[White "LangesNasenhaar"]
[Black "rionelG"]
[WhiteElo "2417"]
[BlackElo "2190"]
[Result "1-0"]
[Round "11"]
[TimeControl "180+2"]
[Date "2023.05.31"]
[WhiteClock "0:01:52"]
[BlackClock "0:00:41"]

1. Nf3 Nf6 2. b3 g6 3. Bb2 Bg7 4. g3 O-O 5. d4 d6 6. Bg2 Nbd7 7. O-O e5 8. dxe5 dxe5 9. Nc3 c6 10. Qd2 Qc7 11. Rad1 Re8 12. Qd6 Qxd6 13. Rxd6 Bf8 14. Rd2 a5 15. Rfd1 Bg7 16. Ng5 h6 17. Nge4 Nxe4 18. Nxe4 Nf8 19. Nd6 Rd8 20. Nxc8 Rxd2 21. Ne7+ Kh7 22. Rxd2 Re8 23. Nxc6 bxc6 24. Bxc6 Rc8 25. Bd5 f5 26. c4 e4 27. Bxg7 Kxg7 28. f3 exf3 29. exf3 Kf6 30. Kf2 Nd7 31. Bb7 Rc7 32. Ba6 g5 33. Bb5 Nc5 34. Rd6+ Ke5 35. Rxh6 Kd4 36. Rd6+ Kc3 37. Rc6 Rxc6 38. Bxc6 Kb2 39. h4 gxh4 40. gxh4 f4 41. h5 Nd3+ 42. Kf1 Ne5 43. h6 Nf7 44. h7 Kxa2 45. Ba4 Ka3 46. c5 1-0


[Site "https://www.chess.com"]

[Event "Titled Tuesday Blitz May 30 Late 2023"]
[White "Carrasco Miranda, Andres"]
[Black "Martinez, Ayelen"]
[WhiteFideId "3405990"]
[BlackFideId "118702"]
[WhiteElo "2183"]
[BlackElo "2125"]
[Result "1-0"]
[Round "11"]
[TimeControl "180+2"]
[Date "2023.05.31"]
[WhiteClock "0:00:14"]
[BlackClock "0:00:15"]

1. d4 Nf6 2. c4 g6 3. g3 Bg7 4. Bg2 O-O 5. Nc3 d6 6. Nf3 c5 7. dxc5 dxc5 8. O-O Nc6 9. Be3 Qa5 10. Qb3 Be6 11. Qxb7 Rac8 12. Qb5 Qb4 13. Ng5 Qxb5 14. cxb5 Nd4 15. Nxe6 fxe6 16. a4 Ng4 17. Bh3 h5 18. Bxg4 hxg4 19. Rfd1 Nc2 20. Rac1 Nxe3 21. fxe3 Bh6 22. Rc2 Bxe3+ 23. Kh1 Rf5 24. Ne4 Rcf8 25. Kg2 Re5 26. Rc4 Bd4 27. e3 Bxe3 28. Rf1 Rd8 29. Re1 Bd4 30. Re2 Rf8 31. a5 Kg7 32. b4 Rh5 33. bxc5 Be5 34. c6 Bc7 35. b6 axb6 36. axb6 Bxb6 37. c7 Rc8 38. Rec2 Rch8 39. h4 gxh3+ 40. Kh2 Rc8 41. Nf2 Bxf2 42. Rxf2 Rd5 43. Rfc2 Rd7 44. Kxh3 Kf6 45. Kg4 Ke5 46. Kg5 Kd5 47. Kxg6 e5 48. Kf7 e6+ 49. Kf6 Rf8+ 50. Kg5 Rc8 51. Rc5+ Kd6 52. Rc6+ Ke7 53. Kg4 e4 54. Kf4 Rf8+ 55. Kxe4 Rc8 56. g4 Rd5 57. Rh2 Kd7 58. Rcc2 Rxc7 59. Rh7+ Kd6 60. Rhxc7 Re5+ 61. Kf4 Rd5 62. R2c6# 1-0


[Site "https://www.chess.com"]

[Event "Titled Tuesday Blitz May 30 Late 2023"]
[White "Talbi, Chafik"]
[Black "zano2023"]
[WhiteFideId "7903715"]
[WhiteElo "2186"]
[BlackElo "2189"]
[Result "1-0"]
[Round "11"]
[TimeControl "180+2"]
[Date "2023.05.31"]
[WhiteClock "0:01:09"]
[BlackClock "0:00:25"]

1. e4 e5 2. Nf3 d6 3. d4 f5 4. Nc3 Nf6 5. dxe5 Nxe4 6. Bb5+ c6 7. Bd3 d5 8. O-O Be7 9. Nd4 O-O 10. f3 Nc5 11. Be2 Ne6 12. Nxe6 Bxe6 13. f4 d4 14. Nb1 Bc5 15. Kh1 Qh4 16. Nd2 Rd8 17. Nf3 Qh6 18. Ng5 Bd5 19. Bf3 Bxf3 20. Qxf3 Be7 21. Qb3+ Rd5 22. Qxb7 Bxg5 23. fxg5 Qh5 24. Qxa8 Rd8 25. Qxa7 Qe2 26. Bf4 Qxc2 27. e6 Qe4 28. Rae1 Qd5 29. Bxb8 Re8 30. Qf7+ 1-0


[Site "https://www.chess.com"]

[Event "Titled Tuesday Blitz May 30 Late 2023"]
[White "Ogreberbere"]
[Black "Prydun, Andriy"]
[BlackFideId "14145898"]
[WhiteElo "2168"]
[BlackElo "2164"]
[Result "0-1"]
[Round "11"]
[TimeControl "180+2"]
[Date "2023.05.31"]
[WhiteClock "0:00:01"]
[BlackClock "0:01:27"]

1. d4 c6 2. c4 d5 3. Nf3 Nf6 4. Nc3 e6 5. g3 Nbd7 6. Bg2 dxc4 7. O-O Nd5 8. a4 Bb4 9. Qc2 O-O 10. e4 Bxc3 11. exd5 Ba5 12. dxc6 Nb6 13. Ne5 Qxd4 14. Bf4 Nd5 15. Rad1 Qc5 16. Qxc4 Qxc4 17. Nxc4 Bb4 18. Ne3 bxc6 19. Rc1 Ba6 20. Rfd1 Rfc8 21. Nc4 f6 22. Bd6 Bxc4 23. Bxb4 Bb3 24. Rd3 Bxa4 0-1


[Site "https://www.chess.com"]

[Event "Titled Tuesday Blitz May 30 Late 2023"]
[White "Gerbelli Neto, Eduardo"]
[Black "Horokoskii"]
[WhiteFideId "2103281"]
[WhiteElo "2178"]
[BlackElo "2139"]
[Result "1/2-1/2"]
[Round "11"]
[TimeControl "180+2"]
[Date "2023.05.31"]
[WhiteClock "0:00:16"]
[BlackClock "0:00:10"]

1. e4 e6 2. d4 d5 3. Nc3 Nf6 4. e5 Nfd7 5. Nf3 c5 6. dxc5 Bxc5 7. Bd3 Nc6 8. Bf4 h6 9. h4 Qc7 10. Qe2 a6 11. O-O b5 12. a3 Ne7 13. h5 Bxa3 14. Rxa3 b4 15. Rb3 bxc3 16. Rxc3 Qb6 17. b3 O-O 18. Qd2 Nc5 19. Bxh6 Nxd3 20. Rxd3 gxh6 21. Qxh6 Nf5 22. Qg5+ Kh8 23. Qf6+ Kg8 24. Nd4 Qd8 25. Qxd8 Rxd8 26. Nc6 Rd7 27. g4 Ne7 28. Nd4 a5 29. Rg3 Ba6 30. Ra1 Bb7 31. f4 Nc6 32. Nb5 Ba6 33. Nd6 Nd4 34. Kh2 Nxc2 35. Rc1 Nd4 36. Rb1 Ne2 37. Rf3 Rc7 38. f5 Nd4 39. Rf2 exf5 40. gxf5 Bd3 41. Rg1+ Kh8 42. f6 Rg8 43. Rd1 Nf3+ 44. Rxf3 Be2 45. Rdf1 Bxf3 46. Rxf3 Rc2+ 47. Kh3 Rc1 48. Nxf7+ Kh7 49. Kh2 Rc2+ 50. Kh3 Rc1 51. Rf2 Rc3+ 52. Kh2 Rxb3 53. e6 Rb4 54. Rf3 Rb2+ 55. Kh3 Rb1 56. Rf2 Rb3+ 57. Kh2 Rb4 58. Kh1 Rb1+ 59. Kh2 Rb4 1/2-1/2


[Site "https://www.chess.com"]

[Event "Titled Tuesday Blitz May 30 Late 2023"]
[White "Winkels, Marcel"]
[Black "Rose, Felix"]
[WhiteFideId "1003887"]
[BlackFideId "5105722"]
[WhiteElo "1900"]
[BlackElo "2039"]
[Result "1-0"]
[Round "11"]
[TimeControl "180+2"]
[Date "2023.05.31"]
[WhiteClock "0:01:28"]
[BlackClock "0:00:05"]

1. e4 d6 2. f4 Nf6 3. Nc3 g6 4. Nf3 Bg7 5. d4 c5 6. Bb5+ Bd7 7. e5 Ng4 8. Bxd7+ Qxd7 9. d5 dxe5 10. h3 e4 11. hxg4 exf3 12. Qxf3 Na6 13. Bd2 O-O-O 14. O-O-O Nb4 15. Ne4 Qxd5 16. Bxb4 Qxa2 17. Qa3 Qc4 18. Nxc5 Qxf4+ 19. Kb1 Qxg4 20. Bc3 Rxd1+ 21. Rxd1 Qxd1+ 22. Ka2 Qd5+ 23. Kb1 Bxc3 24. Qxc3 Rd8 25. Na6+ Kd7 26. Qc7+ Ke8 27. Nc5 Qd1+ 28. Ka2 Qd5+ 29. b3 Qc6 30. Qe5 b6 31. Qh8# 1-0


[Site "https://www.chess.com"]

[Event "Titled Tuesday Blitz May 30 Late 2023"]
[White "Celestino, Rafael Teixeira"]
[Black "Manu_ChessExcelsior"]
[WhiteFideId "2108925"]
[WhiteElo "2313"]
[BlackElo "2069"]
[Result "1-0"]
[Round "11"]
[TimeControl "180+2"]
[Date "2023.05.31"]
[WhiteClock "0:03:02"]
[BlackClock "0:02:37"]

1. e4 c6 2. Nf3 d5 3. Nc3 dxe4 4. Nxe4 Nf6 5. Neg5 h6 6. Nxf7 Kxf7 7. Bc4+ e6 8. Ne5+ Ke8 9. Qe2 Bd6 10. Ng6 Kf7 11. Nxh8+ Qxh8 12. O-O Nbd7 13. Qxe6+ 1-0


[Site "https://www.chess.com"]

[Event "Titled Tuesday Blitz May 30 Late 2023"]
[White "deloewre"]
[Black "dodoucb"]
[WhiteElo "2109"]
[BlackElo "2306"]
[Result "0-1"]
[Round "11"]
[TimeControl "180+2"]
[Date "2023.05.31"]
[WhiteClock "0:00:01"]
[BlackClock "0:00:07"]

1. d4 Nf6 2. Bf4 g6 3. Nf3 Bg7 4. e3 O-O 5. Be2 d6 6. h3 Nh5 7. Bh2 Nc6 8. c3 Kh8 9. Nbd2 f5 10. g4 fxg4 11. hxg4 Bxg4 12. Ng5 Bxe2 13. Qxe2 Qd7 14. d5 Nd8 15. O-O-O Qf5 16. f4 h6 17. e4 Nxf4 18. Bxf4 Qxf4 19. Nh3 Qe5 20. Nc4 Qg3 21. Rdg1 Qh4 22. Rxg6 Nf7 23. Nf2 Qf4+ 24. Kb1 Ne5 25. Nxe5 dxe5 26. Ng4 Qf3 27. Qxf3 Rxf3 28. Nxh6 Kh7 29. Rhg1 Bxh6 30. Re6 Rf7 31. Rh1 Rf6 32. Rxe7+ Kg6 33. Rxc7 Raf8 34. Rxb7 Rb6 35. Rxa7 Rf2 36. b3 Re2 37. c4 Be3 0-1


[Site "https://www.chess.com"]